Map: Écho EC

Players

Finn

  • Race: Protoss Protoss

AgCl - Winner!

  • Race: Protoss Protoss

VOD

Have the link to the VOD?

Description

Time

  • Played on: May 10, 2015, 7:24 p.m.
  • Length: 15:58
Show
View Real Time Build Order
Export as new Build Order

Finn Protoss 

Build Orders:  

Get SALT Encoding   

  12  0:01  Probe  
  13  0:13  Probe  
  14  0:22  Pylon  
  14  0:40  Probe (Chrono Boost)  
  14  0:42  Forge  
  16  0:51  Probe (Chrono Boost)  
  16  0:57  Probe  
  17  1:08  Pylon  
  17  1:10  Probe (Chrono Boost)  
  18  1:17  Pylon  
  18  1:20  Probe (Chrono Boost)  
  19  1:27  Probe  
  20  1:39  Photon Cannon  
  20  1:40  Gateway  
  20  1:43  Gateway  
  20  1:51  Pylon  
  20  1:52  Pylon  
  20  2:02  Probe  
  20  2:08  Pylon  
  21  2:24  Photon Cannon  
  21  2:29  Photon Cannon  
  21  2:31  Photon Cannon  
  21  2:33  Photon Cannon  
  21  2:35  Zealot (Chrono Boost)  
  23  2:44  Pylon  
  23  2:46  Zealot (Chrono Boost)  
  25  2:57  Probe  
  27  2:58  Zealot (Chrono Boost)  
  27  3:14  Zealot (Chrono Boost)  
  29  3:22  Zealot (Chrono Boost)  
  31  3:31  Nexus  
  31  3:38  Assimilator  
  31  3:40  Assimilator  
  33  3:50  Zealot (Chrono Boost)  
  33  3:51  Zealot (Chrono Boost)  
  35  4:08  Probe  
  36  4:13  Pylon  
  34  4:19  Zealot x2  
  38  4:31  Probe  
  39  4:43  Cybernetics Core  
  39  4:44  Probe (Chrono Boost)  
  40  4:51  Pylon  
  40  4:53  Photon Cannon  
  40  4:54  Probe (Chrono Boost)  
  42  5:01  Probe (Chrono Boost)  
  42  5:04  Probe (Chrono Boost)  
  43  5:08  Probe (Chrono Boost)  
  43  5:11  Probe  
  45  5:20  Probe  
  46  5:23  Probe  
  45  5:31  Stalker x2 (Chrono Boost)  
  45  5:32  Probe  
  45  5:35  Mothership Core  
  50  5:41  Photon Cannon  
  50  5:43  Photon Cannon  
  50  5:44  Probe  
  50  5:46  Warp Gate  
  51  5:56  Probe x2  
  48  6:15  Probe  
  48  6:19  Stalker x2, Gateway  
  50  6:29  Probe (Chrono Boost)  
  52  6:34  Probe (Chrono Boost)  
  52  6:39  Probe (Chrono Boost)  
  53  6:42  Probe (Chrono Boost)  
  53  6:46  Probe  
  55  6:53  Probe  
  56  6:56  Gateway  
  56  6:58  Probe  
  57  7:02  Sentry  
  57  7:05  Sentry, Probe  
  62  7:10  Probe  
  62  7:12  Photon Cannon  
  62  7:13  Sentry  
  65  7:18  Assimilator  
  65  7:20  Assimilator  
  60  7:42  Probe (Chrono Boost)  
  54  7:49  Probe (Chrono Boost)  
  51  7:57  Probe (Chrono Boost)  
  51  7:59  Probe (Chrono Boost)  
  51  8:04  Stalker x4  
  51  8:05  Probe (Chrono Boost)  
  60  8:07  Probe (Chrono Boost)  
  62  8:13  Probe (Chrono Boost)  
  62  8:19  Probe (Chrono Boost)  
  64  8:21  Probe (Chrono Boost)  
  64  8:26  Stalker, Probe (Chrono Boost)  
  67  8:27  Probe (Chrono Boost)  
  67  8:29  Pylon  
  68  8:40  Mothership Core  
  61  8:56  Stalker x2  
  61  8:57  Stalker x2, Probe  
  67  9:02  Probe  
  67  9:03  Robotics Facility  
  67  9:04  Photon Cannon  
  67  9:09  Probe  
  64  9:15  Probe  
  63  9:21  Zealot x2  
  63  9:22  Probe  
  68  9:28  Probe  
  67  9:32  Pylon x2  
  67  9:33  Pylon  
  67  9:34  Probe, Robotics Facility  
  67  9:35  Pylon  
  66  9:45  Gateway  
  66  9:46  Pylon  
  66  9:48  Pylon  
  66  9:51  Observer (Chrono Boost)  
  67  9:56  Photon Cannon  
  67  9:57  Probe  
  68  10:06  Zealot x2  
  72  10:08  Immortal (Chrono Boost)  
  72  10:12  Robotics Bay  
  76  10:29  Nexus  
  76  10:30  Zealot x2  
  76  10:33  Pylon  
  80  10:36  Pylon  
  84  10:42  Sentry  
  84  10:47  Immortal (Chrono Boost)  
  86  10:52  Immortal (Chrono Boost)  
  86  10:54  Probe  
  86  10:56  Probe  
  92  11:06  Probe, Photon Cannon  
  92  11:08  Probe  
  94  11:13  Photon Cannon  
  94  11:22  Twilight Council  
  94  11:28  Immortal (Chrono Boost)  
  102  11:36  Protoss Ground Weapons Level 1 (Chrono Boost)  
  102  11:39  Disruptor (Chrono Boost)  
  102  11:43  Pylon  
  102  11:46  Gateway  
  102  11:47  Probe  
  102  11:49  Probe  
  104  11:54  Assimilator  
  104  11:56  Assimilator  
  104  11:58  Probe  
  105  12:05  Probe  
  105  12:06  Probe  
  107  12:09  Templar Archives  
  107  12:15  Disruptor (Chrono Boost)  
  111  12:20  Zealot  
  111  12:21  Zealot x2  
  121  12:23  Probe  
  121  12:24  Probe, Disruptor (Chrono Boost)  
  121  12:28  Probe  
  124  12:36  Gateway  
  124  12:39  Photon Cannon  
  124  12:43  Photon Cannon  
  128  12:53  Pylon  
  128  12:55  Disruptor  
  128  13:04  Nexus  
  128  13:07  Pylon  
  128  13:09  Zealot x3  
  134  13:21  Colossus  
  134  13:26  Photon Cannon  
  140  13:29  Photon Cannon  
  140  13:30  Pylon  
  140  13:34  Pylon  
  140  13:38  Assimilator  
  140  13:43  Assimilator  
  140  13:46  Pylon  
  140  13:55  Zealot x4  
  146  14:06  Photon Cannon  
  146  14:07  Photon Cannon  
  146  14:09  Photon Cannon  
  146  14:39  Colossus x2  
  146  14:40  Stalker x2  
  146  14:41  Zealot  
  146  14:43  Disruptor x2  
  164  14:47  Templar Archives  
  164  14:52  Probe (Chrono Boost)  
  164  14:53  Disruptor  
  164  14:56  Probe (Chrono Boost)  
  164  14:57  Probe x2 (Chrono Boost)  
  164  15:16  Disruptor x2  
  164  15:35  Mothership Core  
  148  15:40  Stalker x3  
  148  15:41  Stalker  
Show
View Real Time Build Order
Export as new Build Order

AgCl Protoss - Winner!

Build Orders:  

Get SALT Encoding   

  12  0:23  Probe, Pylon  
  13  0:35  Probe  
  14  0:42  Gateway  
  14  0:47  Probe, Assimilator  
  14  0:49  Assimilator  
  15  0:59  Probe  
  16  1:11  Probe  
  17  1:23  Probe, Pylon  
  18  1:29  Zealot (Chrono Boost)  
  20  1:35  Probe  
  21  1:44  Forge  
  21  1:47  Probe  
  21  1:49  Zealot (Chrono Boost)  
  24  1:59  Probe  
  25  2:12  Probe  
  26  2:21  Pylon  
  26  2:24  Probe  
  26  2:28  Photon Cannon  
  27  2:33  Photon Cannon  
  27  2:34  Photon Cannon  
  27  2:36  Probe  
  28  2:49  Cybernetics Core  
  28  2:50  Photon Cannon  
  28  3:03  Probe (Chrono Boost)  
  28  3:15  Probe (Chrono Boost)  
  29  3:23  Gateway, Probe (Chrono Boost)  
  30  3:30  Warp Gate (Chrono Boost)  
  30  3:32  Nexus  
  30  3:35  Robotics Facility  
  30  3:39  Mothership Core (Chrono Boost)  
  32  3:54  Probe (Chrono Boost)  
  33  4:01  Photon Cannon  
  31  4:05  Probe  
  30  4:20  Pylon  
  30  4:33  Photon Cannon  
  30  4:38  Adept x2, Warp Prism  
  36  4:54  Nexus  
  36  4:56  Pylon  
  36  4:57  Protoss Ground Weapons Level 1 (Chrono Boost)  
  36  5:01  Probe  
  37  5:09  Gateway  
  37  5:14  Probe  
  38  5:41  Nexus  
  38  5:48  Probe (Chrono Boost)  
  39  5:56  Twilight Council  
  40  5:57  Probe (Chrono Boost)  
  40  5:59  Stalker  
  40  6:00  Adept  
  44  6:05  Probe  
  41  6:17  Probe  
  42  6:21  Adept  
  42  6:23  Zealot  
  44  6:29  Probe (Chrono Boost)  
  43  6:34  Stalker  
  45  6:40  Assimilator  
  45  6:41  Probe (Chrono Boost), Assimilator  
  46  6:51  Pylon  
  46  6:52  Protoss Ground Weapons Level 2 (Chrono Boost)  
  46  6:54  Probe (Chrono Boost)  
  46  6:56  Probe (Chrono Boost)  
  48  7:01  Dark Shrine  
  48  7:06  Probe (Chrono Boost)  
  50  7:11  Probe (Chrono Boost)  
  50  7:14  Probe (Chrono Boost)  
  51  7:18  Probe  
  51  7:21  Stalker  
  54  7:23  Probe  
  54  7:24  Stalker  
  54  7:27  Zealot  
  59  7:30  Probe  
  59  7:35  Probe  
  57  7:43  Probe (Chrono Boost)  
  53  7:52  Probe (Chrono Boost)  
  53  7:55  Probe (Chrono Boost)  
  50  8:02  Probe x2 (Chrono Boost)  
  50  8:04  Nexus  
  52  8:06  Pylon  
  52  8:08  Pylon  
  52  8:14  Dark Templar  
  52  8:15  Dark Templar  
  56  8:22  Observer (Chrono Boost)  
  57  8:34  Dark Templar  
  59  8:35  Pylon  
  59  8:36  Observer (Chrono Boost)  
  60  8:47  Photon Cannon  
  60  8:48  Dark Templar x2  
  62  9:01  Assimilator  
  62  9:02  Gateway  
  62  9:03  Gateway  
  62  9:04  Assimilator  
  62  9:05  Probe (Chrono Boost)  
  62  9:08  Probe (Chrono Boost), Pylon  
  64  9:10  Photon Cannon  
  64  9:13  Pylon  
  64  9:16  Probe (Chrono Boost)  
  68  9:24  Mothership Core (Chrono Boost)  
  68  9:25  Probe (Chrono Boost)  
  68  9:27  Stargate  
  67  9:32  Probe (Chrono Boost), Pylon  
  67  9:33  Probe (Chrono Boost)  
  68  9:42  Dark Templar  
  70  9:50  Probe (Chrono Boost)  
  73  9:53  Probe x2 (Chrono Boost), Charge  
  73  9:54  Protoss Ground Weapons Level 3 (Chrono Boost)  
  73  9:56  Warp Prism (Chrono Boost)  
  75  10:03  Pylon  
  75  10:11  Phoenix (Chrono Boost)  
  75  10:12  Probe  
  75  10:13  Probe  
  79  10:14  Archon  
  79  10:15  Archon x2  
  79  10:17  Probe  
  80  10:24  Gateway  
  80  10:27  Pylon  
  80  10:33  Gateway  
  80  10:48  Fleet Beacon  
  80  11:08  Pylon  
  80  11:10  Gateway, Carrier (Chrono Boost)  
  76  11:21  Protoss Air Weapons Level 1  
  76  11:27  Stargate  
  76  11:28  Stargate  
  82  11:33  Graviton Catapult (Chrono Boost)  
  82  11:52  Gateway  
  82  11:53  Gateway, Zealot  
  84  11:55  Pylon  
  84  12:02  Carrier (Chrono Boost)  
  84  12:04  Carrier (Chrono Boost)  
  84  12:10  Nexus  
  84  12:12  Assimilator  
  84  12:14  Protoss Shields Level 1 (Chrono Boost)  
  96  12:16  Assimilator  
  96  12:19  Carrier (Chrono Boost)  
  96  12:20  Pylon  
  96  12:24  Gateway  
  96  12:27  Photon Cannon  
  102  12:38  Gateway  
  102  12:47  Carrier (Chrono Boost)  
  102  12:50  Pylon  
  102  12:57  Gateway  
  102  12:58  Gateway  
  102  13:03  Carrier (Chrono Boost)  
  108  13:14  Carrier (Chrono Boost)  
  108  13:16  Protoss Air Weapons Level 2 (Chrono Boost)  
  120  13:49  Photon Cannon  
  120  13:52  Pylon  
  120  13:55  Gateway  
  120  13:57  Carrier (Chrono Boost)  
  120  13:58  Carrier (Chrono Boost)  
  120  13:59  Templar Archives  
  120  14:04  Carrier (Chrono Boost)  
  136  14:49  Cybernetics Core  
Tags
 
Matchup
PvP
Add a new tag
Caveats
  • Supply blocks, unpowered buildings, or Contaminate may cause inaccurate times.
  • Supply counts are checked every 10 seconds.